 Dungeon Crawl Stone Soup version 0.29-a0-486-ga88943ba61 (webtiles) character file.

Game seed: 17571435213201175422

713 Bruhh the Ogre Mage (level 7, 0/59 HPs)
             Began as an Ogre Earth Elementalist on May 26, 2022.
             Was an Initiate of Vehumet.
             Killed from afar by a white imp (7 damage)
             ... with a puff of frost
             ... on level 5 of the Dungeon.
             The game lasted 00:07:37 (5054 turns).

Bruhh the Ogre Mage (Ogre Earth Elementalist)       Turns: 5054, Time: 00:07:38

Health: 0/59       AC:  3    Str: 13    XL:     7   Next: 69%
Magic:  1/14       EV: 10    Int: 18    God:    Vehumet [......]
Gold:   205        SH:  0    Dex: 15    Spells: 12/16 levels left

rFire   . . .      SeeInvis +   w - +1 trident (pain)
rCold   . . .      Faith    .   (no shield)
rNeg    . . .      Spirit   .   b - +0 robe
rPois   .          Reflect  .   (helmet restricted)
rElec   .          Harm     .   (no cloak)
rCorr   .          Rampage  .   (gloves unavailable)
Will    .....                   (boots unavailable)
Stlth   ++........              (no amulet)
HPRegen 0.19/turn               e - +6 ring of dexterity
MPRegen 0.14/turn               m - ring of see invisible

@: no status effects
A: large, unfitting armour, tough skin 1
a: Renounce Religion


You were on level 5 of the Dungeon.
You worshipped Vehumet.
Vehumet was noncommittal.
You visited 2 branches of the dungeon, and saw 6 of its levels.

You collected 205 gold pieces.

Inventory:

Hand Weapons
 g - a +0 hand axe
 w - a +1 trident of pain (weapon)
Missiles
 a - 5 stones
Armour
 b - a +0 robe (worn)
Jewellery
 e - a +6 ring of dexterity (left hand)
 m - a ring of see invisible (right hand)
Wands
 v - a wand of iceblast (11)
Scrolls
 d - a scroll of magic mapping {unknown}
 h - 8 scrolls of identify {unknown}
 i - 3 scrolls of teleportation {unknown}
 k - 2 scrolls of silence {unknown}
 l - a scroll of summoning {unknown}
 p - a scroll of fog {unknown}
 x - a scroll of torment {unknown}
Potions
 c - a potion of magic
 f - 2 potions of degeneration {unknown}
 j - a potion of resistance {unknown}
 n - a potion of lignification {unknown}
 o - 2 potions of brilliance {unknown}
 q - a potion of might {unknown}
 r - a potion of flight {unknown}
 s - 2 potions of mutation {unknown}
 t - a potion of invisibility {unknown}
 u - a potion of attraction {unknown}


   Skills:
 - Level 1.7 Dodging
 - Level 1.4 Stealth
 - Level 5.0 Spellcasting
 + Level 4.8 Conjurations
 - Level 0.8 Transmutations
 - Level 5.0 Earth Magic


You had 12 spell levels left.
You knew the following spells:

 Your Spells              Type           Power      Damage    Failure   Level
a - Sandblast             Erth           44%        2d11      1%          1
b - Stone Arrow           Conj/Erth      44%        3d9       5%          3

Your spell library contained the following spells:

 Spells                   Type           Power      Damage    Failure   Level
 Passwall                 Tmut/Erth      12%        N/A       6%          2
 Apportation              Tloc           8%         N/A       13%         1
 Necrotize                Necr           16%        1d4       13%         1
 Summon Small Mammal      Summ           16%        N/A       13%         1
 Confusing Touch          Hex            4%         N/A       36%         3
 Summon Guardian Golem    Hex/Summ       4%         N/A       36%         3
 Petrify                  Tmut/Erth      15%        N/A       36%         4
 Flame Wave               Conj/Fire      13%        2d6       45%         4
 Yara's Violent Unravell  Hex/Tmut       3%         3d4       97%         5
 Enfeeble                 Hex            2%         N/A       100%        7


Dungeon Overview and Level Annotations

Branches:
Dungeon (5/15)             Temple (1/1) D:4

Altars:
Cheibriados
Elyvilon
Makhleb
Nemelex Xobeh
Okawaru
Qazlal
Ru
Trog
Uskayaw
Vehumet
Wu Jian
Xom
Zin

Shops:
D:2 ([


Innate Abilities, Weirdness & Mutations

You are too large for most types of armour.
You have tough skin. (AC +1)


Message History

You completely miss Edmund.
Edmund is almost dead.
Edmund hits you with a +2 flail of holy wrath!
You hit Edmund but do no damage.
Edmund is almost dead.
Edmund barely misses you.
Unknown command.
Casting: Sandblast (safe; 1% risk of failure)
Confirm with . or Enter, or press ? or * to list all spells.
Aiming: Sandblast (safe; 1% risk of failure)
Press: ? - help, Shift-Dir - straight line, f/p - Edmund
Aim: Edmund, wielding a +2 flail of holy wrath and wearing a +0 chain mail (almost dead, 86% to hit)
The blast of sand hits Edmund!
You kill Edmund!
Vehumet accepts your kill.
Your magical contamination has completely faded away.
Unknown command.
You hit the white imp.
The white imp is heavily wounded.
An orc priest comes into view. It is wielding a +0 flail.
The white imp closely misses you.
The orc priest shouts!
You hit the white imp but do no damage.
The white imp is heavily wounded.
The orc priest invokes the aid of Beogh against you.
Beogh smites you! The white imp barely misses you.
A black bear comes into view.
The white imp hits you but does no damage.
You hear a shout!
There are monsters nearby!
An orc comes into view. It is wielding a +0 dagger.
The white imp attacks as you move away! The white imp hits you.
The white imp freezes you.
* * * LOW HITPOINT WARNING * * *
The white imp gestures at you. The puff of frost hits you!
* * * LOW HITPOINT WARNING * * *
The white imp gestures at you. The puff of frost hits you!
You die...

....###
......###.
..........
##.........
#..........
..........
#.........
##@........
#..........
###.###..##
#######5###.###.
#.......o..o....
.....#.#)##.....
.... #.#... o..
### ..#h.... .
......##...


You could see a black bear, an orc priest and a white imp.

Vanquished Creatures
  Edmund (D:5)
  Pargi (D:4)
  Blork the orc (D:4)
  A necrophage (D:4)
  3 scorpions (D:4)
  2 gnoll shamans (D:4)
  An orc priest (D:3)
  An iguana (D:4)
  4 adders
  2 worms (D:4)
  6 orcs
  6 bats
  3 endoplasms
  2 giant cockroaches (D:4)
  6 goblins
  A hobgoblin (D:4)
  4 jackals
  3 quokkas
  6 ball pythons
  2 frilled lizards
  3 kobolds (D:4)
  8 rats
67 creatures vanquished.

Vanquished Creatures (others)
  5 fungi (D:4)
  A plant (D:4)
6 creatures vanquished.

Grand Total: 73 creatures vanquished

Notes
Turn   | Place    | Note
-------+----------+-------------------------------------------
     0 | D:1      | Bruhh the Ogre Earth Elementalist began the quest for the
                  | Orb.
     0 | D:1      | Reached XP level 1. HP: 16/16 MP: 3/3
   527 | D:1      | Reached XP level 2. HP: 24/24 MP: 3/5
  1103 | D:2      | Found Esogh's Weapon Boutique.
  1201 | D:2      | Found a faded altar of an unknown god.
  1201 | D:2      | Found Mashreat's Antique Armour Emporium.
  1277 | D:2      | Reached XP level 3. HP: 31/31 MP: 2/7
  1770 | D:3      | Got the Reference Book on the Arsonist and Hexes
  2250 | D:3      | Reached XP level 4. HP: 36/39 MP: 4/9
  2325 | D:4      | Noticed a scorpion
  2510 | D:4      | Found a staircase to the Ecumenical Temple.
  2527 | Temple   | Entered the Ecumenical Temple
  2631 | Temple   | Became a worshipper of Vehumet
  2788 | D:4      | Noticed a scorpion
  2795 | D:4      | Killed a scorpion
  2796 | D:4      | Reached XP level 5. HP: 26/45 MP: 2/11
  2800 | D:4      | Learned a level 3 spell: Stone Arrow
  3663 | D:4      | Reached skill level 5 in Spellcasting
  3663 | D:4      | Reached XP level 6. HP: 29/53 MP: 9/13
  3899 | D:4      | Found a hide-covered altar of Uskayaw.
  3955 | D:4      | Reached skill level 1 in Conjurations
  4201 | D:4      | Noticed Pargi
  4231 | D:4      | Killed Pargi
  4232 | D:4      | Reached skill level 5 in Earth Magic
  4383 | D:4      | Reached XP level 7. HP: 56/59 MP: 9/14
  4885 | D:4      | Noticed Blork the orc
  4893 | D:4      | Killed Blork the orc
  5031 | D:5      | Entered Level 5 of the Dungeon
  5037 | D:5      | Noticed Edmund
  5048 | D:5      | Killed Edmund
  5054 | D:5      | Killed from afar by a white imp

Illustrated notes

Levels and vault maps discovered:
D:1:      noname_arrival_rooms_in_the_neighbourhood, layout_loops_ring,
          st_stairs_8, nrook_campfire
D:2:      layout_rooms, basic_ecumenical_altar, serial_shops, shop_statue,
          nicolae_shop_advertising_works [nicolae_subvault_shop_adworks],
          minmay_misc_feat_rugged, lemuel_flame_loot_1
D:3:      layout_rooms, dk_noncrumbling_4
D:4:      layout_cave_pods, minmay_temple_entry_gardened_gates, serial_park,
          serial_park_tiny_pond, serial_park_square1
          [serial_park_minivault_5x5_3], serial_park_square3
          [serial_park_minivault_5x5_6], serial_park_square2,
          serial_park_tiny_pond, uniq_blork_the_orc, uniq_pargi
D:5:      layout_cave_pools, minmay_overflow_temple_hex, minmay_crossroads,
          uniq_edmund
Temple:   nicolae_temple_elliptical

Skill      XL: |  1  2  3  4  5  6  7 |
---------------+----------------------+-----
Earth Magic    | 3 4 5 |  5.0
Spellcasting   | 3 4 5 |  5.0
Conjurations   | 3 4 |  4.8
Dodging        | |  1.7
Stealth        | |  1.4
Transmutations | |  0.8

Action                   |  1- 3 |  4- 6 |  7- 9 || total
-------------------------+-------+-------+-------++-------
Melee: Unarmed           |    28 |       |       ||    28
       Punch             |     1 |       |       ||     1
       Hand axe          |    29 |       |       ||    29
       Trident           |       |    21 |    10 ||    31
 Cast: Sandblast         |    39 |    53 |    21 ||   113
       Stone Arrow       |       |     3 |     5 ||     8
Evoke: Wand              |       |       |     2 ||     2
 Stab: Sleeping          |     1 |     1 |       ||     2
Armor: Robe              |    47 |     8 |     7 ||    62
Dodge: Dodged            |    57 |    28 |     9 ||    94

Table legend: (Time is in decaauts)
 A = Elapsed time spent in this place.
 B = Non-inter-level travel time spent in this place.
 C = Inter-level travel time spent in this place.
 D = Time resting spent in this place.
 E = Time spent auto-exploring this place.
 F = Levels seen in this place.
 G = Mean time per level.
                   A        B        C        D        E       F      G
               +--------+--------+--------+--------+--------+-----+--------+
         Total |   5072 |   4941 |    131 |    390 |   3885 |   6 |  845.3 |
       Dungeon |   4934 |   4859 |     75 |    390 |   3815 |   5 |  986.8 |
        Temple |    138 |     82 |     56 |      0 |     70 |   1 |  138.0 |
               +--------+--------+--------+--------+--------+-----+--------+

Top non-repeatable levels by time:
     D:4: 2173 daAuts
     D:1: 1036 daAuts
     D:3: 989 daAuts
     D:2: 710 daAuts
  Temple: 138 daAuts
     D:5: 23 daAuts
